cohdb
Replays
Latest Replays
All Replays
Popular Replays
Top Player Replays
Match Explorer
How It Works
Community
CoH3 Stats
Reddit
Sign in to upload your games and track your stats! →
Sign in with Steam
Match 45463977
Unlisted
Match 45463977
Overview
Messages
Build Orders
End
Panzergrenadier Squad
250 Light Carrier
Panzergrenadier Squad
Construct Light Support Kompanie
Combat Half-tracks
2.5-tonne Medical Truck
Selects Italian Infantry
Fire Support Elements
Selects Guastatori Squad
Guastatori Squad
Selects L6/40 Light Tank Combat Group
Pak 38 Mechanized Group
Veteran Squad Leaders
Construct Panzerarmee Kommand
Emergency Repair Kits
Selects Defensive Operations
Selects Prepared Positions
Pak 38 Mechanized Group
Walking Stuka Rocket Launcher
Pak 38 Mechanized Group
2.5-tonne Medical Truck
我真的不是驴
飞行的猫先森
Urge to Merge
gooood
我是人ds
kimsimin
inc.
米浴
0
0
Comments
sign in to comment!
No comments posted yet!